 Dungeon Crawl Stone Soup version 0.25-a0-700-g7f8a7979f0 (webtiles) character file.

Game seed: 7288355759272346909, levelgen mode: deterministic

15 Iscandelvey the Charmwright (level 2, 8/22 HPs)
             Began as a Demonspawn Skald on Apr 2, 2020.
             Quit the game on level 1 of the Dungeon.
             The game lasted 00:00:28 (803 turns).

Iscandelvey the Charmwright (Demonspawn Skald)       Turns: 803, Time: 00:00:29

Health: 8/22       AC:  3    Str: 11    XL:     2   Next: 34%
Magic:  5/5        EV: 12    Int: 14    God:
Gold:   6          SH:  0    Dex: 12    Spells: 4/5 levels left

rFire    . . .     SeeInvis .   a - +0 spear
rCold    . . .     Gourm    .   (no shield)
rNeg     . . .     Faith    .   b - +0 leather armour
rPois    .         Spirit   .   (no helmet)
rElec    .         Reflect  .   (no cloak)
rCorr    .         Harm     .   (no gloves)
MR       .....                  (no boots)
Stlth    +.........             (no amulet)
HPRegen  0.07/turn              (no ring)
MPRegen  0.09/turn              (no ring)

@: no status effects
A: talons 1
a: no special abilities


You were on level 1 of the Dungeon.
You were not hungry.

You visited 1 branch of the dungeon, and saw 1 of its levels.

You collected 6 gold pieces.

Inventory:

Hand Weapons
 a - a +0 spear (weapon)
Armour
 b - a +0 leather armour (worn)
Jewellery
 f - a +4 ring of protection {unknown}
Scrolls
 c - 2 scrolls of teleportation {unknown}
 i - a scroll of enchant armour {unknown}
Potions
 e - a potion of flight {unknown}
 g - 2 potions of heal wounds {unknown}
 h - a potion of cancellation {unknown}
Comestibles
 d - 2 rations


   Skills:
 + Level 2.2 Fighting
 + Level 2.1 Polearms
 + Level 0.9 Armour
 + Level 1.8 Dodging
 + Level 2.2 Spellcasting
 + Level 2.8 Charms


You had 4 spell levels left.
You knew the following spells:

 Your Spells              Type           Power        Failure   Level  Hunger
a - Infusion              Chrm           #...         10%         1    #......

Your spell library contained the following spells:

 Spells                   Type           Power        Failure   Level  Hunger
 Song of Slaying          Chrm           #.......     14%         2    ###....
 Shroud of Golubria       Chrm/Tloc      #.....       26%         2    ###....
 Ozocubu's Armour         Chrm/Ice       #.......     45%         3    ###....
 Spectral Weapon          Hex/Chrm       #.......     45%         3    ###....


Dungeon Overview and Level Annotations

Branches:
Dungeon (1/15)

Altars:


Innate Abilities, Weirdness & Mutations

You have sharp toenails.


Message History

You are too injured to fight recklessly!
A gnoll is nearby!
You are too injured to fight recklessly!
A gnoll is nearby!
You hit the gnoll.
The gnoll is severely wounded.
The gnoll barely misses you.
You hit the gnoll but do no damage.
The gnoll is severely wounded.
The gnoll barely misses you.
You hit the gnoll but do no damage.
The gnoll is severely wounded.
The gnoll hits you but does no damage.
You hit the gnoll.
You kill the gnoll!
You have reached level 2!
You feel monstrous as your demonic heritage exerts itself.
Your demonic ancestry asserts itself...
Your toenails lengthen and sharpen.
Are you sure you want to abandon this character and quit the game? (Confirm with "yes".)

##.....## ## ##...##
#. ### ##'## #.
##.## #.# ##.
##...## #[# ..
##.....###.## #.
#...........##
##)####.....#.....#
#..@####...###...###
#..(......## ##.....
#...####### ######
#####


There were no monsters in sight!

Vanquished Creatures
  A gnoll (D:1)
  A leopard gecko (D:1)
  A giant cockroach (D:1)
  2 hobgoblins (D:1)
5 creatures vanquished.

Notes
Turn   | Place    | Note
-------+----------+-------------------------------------------
     0 | D:1      | Iscandelvey the Demonspawn Skald began the quest for the
                  | Orb.
     0 | D:1      | Reached XP level 1. HP: 16/16 MP: 3/3
   802 | D:1      | Gained mutation: You have sharp toenails. [demonic
                  | ancestry]
   802 | D:1      | Reached XP level 2. HP: 8/22 MP: 5/5
   803 | D:1      | Quit the game

Levels and vault maps discovered:
D:1:      elethiomel_arrival_shortcut, layout_loops_corners

Skill      XL: |  1 |
---------------+----+-----
Polearms       | 2 |  2.1
Fighting       | |  2.2
Armour         | |  0.9
Dodging        | |  1.8
Spellcasting   | |  2.2
Charms         | |  2.8

Action                   || total
-------------------------++-------
Melee: Spear             ||    34
Armor: Leather armour    ||     6
Dodge: Dodged            ||    13

Table legend:
 A = Non-vault XP
 B = Vault XP
 C = Vault XP percentage of total XP
 D = Non-vault monster count
 E = Vault monster count
 F = Vault count percentage of total count
                 A         B        C        D         E       F
            +---------+---------+-------+---------+---------+-------
      Total |      22 |       0 |   0.0 |       5 |       0 |   0.0
            +---------+---------+-------+---------+---------+-------
        D:1 |      22 |       0 |   0.0 |       5 |       0 |   0.0
            +---------+---------+-------+---------+---------+-------
